 Dungeon Crawl Stone Soup version 0.31.0-1-g2c135a0 (webtiles) character file.

Game seed: 15531244671706715743

87 jagoly the Trooper (level 4, -3/29 HPs)
             Began as a Gargoyle Monk on Jan 25, 2024.
             Was a Believer of the Shining One.
             Killed by divine providence
             ... invoked by an orc priest
              (11 damage)
             ... on level 4 of the Dungeon.
             The game lasted 00:04:17 (570 turns).

jagoly the Trooper (Gargoyle Monk)                   Turns: 570, Time: 00:04:18

Health: -3/29      AC:  8    Str: 17    XL:     4   Next: 51%
Magic:  4/4        EV: 11    Int: 10    God:    the Shining One [**....]
Gold:   43         SH:  0    Dex: 12    Spells: 3/3 levels left

rFire   . . .        n - +0 war axe (elec)
rCold   . . .        d - orb {light}
rNeg    + + .        h - +0 ring mail
rPois   ∞            (no helmet)
rElec   +            (no cloak)
rCorr   .            (no gloves)
SInv    +            (no boots)
Will    .....        (no amulet)
Stlth   +            r - ring of see invisible
HPRegen 0.24/turn    (no ring)
MPRegen 0.09/turn

%: no passive effects
@: glowing
A: sickness immunity, AC +3, negative energy resistance 1, electricity
resistance, torment resistance 1, petrification resistance
a: Renounce Religion, Divine Shield


You were on level 4 of the Dungeon.
You worshipped the Shining One.
The Shining One was pleased with you.
You visited 2 branches of the dungeon, and saw 5 of its levels.

You collected 43 gold pieces.

Inventory:

Hand Weapons
 a - a +0 hand axe
 j - a +0 spear
 k - a +0 sling
 n - a +0 war axe of electrocution (weapon)
Missiles
 m - 2 stones (quivered)
 p - 3 poisoned darts
Armour
 b - a +0 robe
 d - an orb of light (worn)
 h - a +0 ring mail (worn)
Jewellery
 r - a ring of see invisible (left hand)
Wands
 s - a wand of charming (11)
Scrolls
 e - a scroll of fear {unknown}
 g - a scroll of revelation {unknown}
 l - a scroll of identify {unknown}
Potions
 c - 2 potions of ambrosia
 f - a potion of enlightenment {unknown}
 i - a potion of mutation {unknown}
 o - a potion of curing {unknown}
 q - a potion of cancellation {unknown}


   Skills:
 + Level 3.8 Fighting
 * Level 3.7 Axes
 + Level 1.2 Armour
 + Level 2.9 Dodging


You had 3 spell levels left.
You didn't know any spells.
Your spell library contained the following spells:

 Spells                   Type           Power      Damage    Failure   Level
 Shock                    Conj/Air       0%         1d3       56%         1
 Swiftness                Air            0%         N/A       91%         3
 Airstrike                Air            0%         2d(0-16)  100%        4


Dungeon Overview and Level Annotations

Branches:
Dungeon (4/15) Zot: 23443  Temple (1/1) D:4 Zot: 5973

Altars:
Ashenzari
Cheibriados
Fedhas
Hepliaklqana
Kikubaaqudgha
Makhleb
Nemelex Xobeh
Qazlal
Ru
Sif Muna
Wu Jian
Yredelemnul
Zin
The Shining One


Innate Abilities, Weirdness & Mutations

You are immune to sickness and miasma.
Your stone body is resilient. (AC +3)
You are immune to poison.
You resist negative energy. (rN+)
You are resistant to electric shocks. (rElec)
You are resistant to unholy torment.
You are immune to petrification.


Message History

A bat is nearby!
You hit the bat.
You kill the bat!
Your Axes skill increases to level 3!
No target in view!
No target in view!
g - a scroll labelled GIWNET ZEDE
Found an escape hatch in the floor.
A hobgoblin comes into view.
The hobgoblin shouts!
A hobgoblin is nearby!
The hobgoblin hits you.
You barely miss the hobgoblin. The hobgoblin closely misses you.
The hobgoblin hits you.
You hit the hobgoblin.
The hobgoblin is almost dead.
The hobgoblin hits you.
You hit the hobgoblin but do no damage.
The hobgoblin is almost dead.
The hobgoblin barely misses you.
You hit the hobgoblin.
You kill the hobgoblin!
No target in view!
No target in view!
Found a dagger.
HP restored.
A ball python comes into view.
The ball python hisses angrily.
A ball python is nearby!
The ball python bites you. The ball python grabs you.
The ball python constricts you. The ball python misses you.
The ball python constricts you.
You hit the ball python.
You kill the ball python!
No target in view!
No target in view!
You see here a ball python corpse.
Found 6 gold pieces.
HP restored.
You now have 7 gold pieces (gained 6).
Found a stone staircase leading down.
A goblin comes into view. It is wielding a +0 dagger.
The goblin shouts!
A goblin is nearby!
The goblin hits you with a +0 dagger.
You hit the goblin.
You kill the goblin!
No target in view!
No target in view!
There is a stone staircase leading down here.
You climb downwards.
The goblin shouts!
Found a ring mail and a bubbling yellow potion.
There is a stone staircase leading up here.
You see here a +0 ring mail.
h - a +0 ring mail
Found a stone staircase leading up.
You hit the goblin.
You kill the goblin!
No target in view!
No target in view!
You see here a +0 dagger.
A dart slug comes into view.
A dart slug and a bat come into view.
Found a potion of ambrosia.
The dart slug launches a dart at you. The slug dart hits you.
The dart slug bites you but does no damage.
You hit the dart slug.
The dart slug is moderately wounded.
The dart slug briefly extends its eye-stalks.
The dart slug misses you. The dart slug launches a dart at you.
The slug dart misses you.
You slash the dart slug!
You kill the dart slug!
You closely miss the bat. The bat hits you but does no damage.
The dart slug launches a dart at you. The slug dart misses you.
You barely miss the bat. The bat hits you but does no damage.
An adder comes into view.
The adder hisses angrily.
The bat hits you but does no damage. The dart slug launches a dart at you.
The slug dart misses you.
The slug dart hits the bat.
The bat dies!
You hit the dart slug.
The dart slug is moderately wounded.
The dart slug completely misses you.
You hit the dart slug but do no damage.
The dart slug is moderately wounded.
The adder bites you. The dart slug launches a dart at you.
The slug dart misses you.
You hit the dart slug.
The dart slug is moderately wounded.
You barely miss the adder. The adder barely misses you.
The dart slug bites you but does no damage.
You hit the dart slug.
The dart slug is almost dead.
You closely miss the adder. The adder closely misses you.
The adder bites you but does no damage.
You hit the dart slug.
You kill the dart slug!
You hit the adder but do no damage. The adder bites you but does no damage.
You hit the adder.
The adder is lightly wounded.
The adder bites you but does no damage. The adder bites you.
You hit the adder but do no damage.
The adder is lightly wounded.
The adder bites you but does no damage.
You hit the adder but do no damage.
The adder is lightly wounded.
The adder bites you but does no damage.
You hit the adder.
The adder is severely wounded.
The adder bites you but does no damage. The adder barely misses you.
You closely miss the adder.
The adder is severely wounded.
The adder bites you but does no damage.
You hit the adder but do no damage.
The adder is severely wounded.
The adder bites you. The adder closely misses you.
You hit the adder.
You kill the adder!
You have reached level 3!
Your experience leads to an increase in your attributes!
Increase (S)trength, (I)ntelligence, or (D)exterity?
You feel stronger. x2
You see here a dart slug corpse.
c - 2 potions of ambrosia (gained 1)
You see here a dart slug corpse.
i - a bubbling yellow potion
Found a stone staircase leading down.
You see here an adder corpse.
Found 16 gold pieces.
There is a stone staircase leading up here.
You climb upwards.
The rat squeaks loudly.
There is a stone staircase leading down here.
The quokka barely misses you. The quokka closely misses you.
You hit the quokka.
The quokka is heavily wounded.
The quokka bites you.
The endoplasm hits you but does no damage.
You hit the quokka.
You kill the quokka!
You hit the endoplasm. The endoplasm freezes you.
You are frozen.
The kobold throws a stone.
The stone hits you but does no damage.
You hit the endoplasm.
The endoplasm is almost dead.
You hit the rat.
You kill the rat!
The endoplasm hits you but does no damage.
You hit the endoplasm.
You kill the endoplasm!
You hit the kobold but do no damage. The kobold hits you but does no damage.
You hit the kobold.
You kill the kobold!
No target in view!
There is a stone staircase leading down here.
You can't go up here!
Your library has no spells.
You climb downwards.
There is a stone staircase leading up here.
An adder comes into view.
Found a spear.
The adder hisses angrily.
An endoplasm comes into view.
The adder bites you but does no damage.
You closely miss the adder. The adder closely misses you.
You hit the adder.
The adder is lightly wounded.
The adder bites you but does no damage.
The endoplasm jiggles.
The adder closely misses you.
You hit the adder but do no damage.
The adder is lightly wounded.
The adder bites you but does no damage.
You barely miss the adder.
The adder is lightly wounded.
You hit the endoplasm. The adder misses you.
The adder bites you but does no damage. The endoplasm freezes you.
You are frozen.
You slash the endoplasm!
You kill the endoplasm!
You closely miss the adder. The adder completely misses you.
You slash the adder!
The adder is almost dead.
The adder bites you. The adder closely misses you.
You hit the adder but do no damage.
The adder is almost dead.
The adder closely misses you.
You closely miss the adder.
The adder is almost dead.
The adder closely misses you. The adder bites you but does no damage.
You slash the adder!
You kill the adder!
No target in view!
You now have 23 gold pieces (gained 16).
Things that are here:
a +0 spear; an adder corpse
j - a +0 spear A rat comes into view.
The rat squeaks loudly.
A rat is nearby!
The rat bites you but does no damage.
You hit the rat.
You kill the rat!
No target in view!
You open the door.
A bat comes into view.
The bat barely misses you.
You hit the bat.
The bat is severely wounded.
The bat barely misses you. x2
You hit the bat.
You kill the bat!
There is an open door here.
There is an open door here.
A goblin comes into view. It is wielding a +0 club.
The goblin unwields a +0 club.
The goblin wields a +0 sling.
The goblin shoots a sling bullet.
The sling bullet hits you.
A goblin is nearby!
There is a stone staircase leading down here.
The goblin shoots a sling bullet.
The sling bullet misses you.
The goblin unwields a +0 sling.
The goblin wields a +0 club.
The goblin hits you with a +0 club.
You hit the goblin.
The goblin is severely wounded.
The goblin hits you with a +0 club.
* * * LOW HITPOINT WARNING * * *
You are too injured to fight recklessly!
You are too injured to fight recklessly!
Cleave: a) +0 hand axe
Press: ? - help, Dir - move target, f - goblin
Aim: a goblin, wielding a +0 club (severely wounded, haloed, about 29% to evade your +0 hand axe)
You slash the goblin!
You kill the goblin!
Things that are here:
a +0 club; a +0 sling; a goblin corpse
k - a +0 sling As you open the door, it creaks loudly!
Found 8 gold pieces.
Found a scroll labelled LAWNOAL POMA.
There is an open door here.
You now have 31 gold pieces (gained 8).
l - a scroll labelled LAWNOAL POMA HP restored.
As you open the door, it creaks loudly!
There is an open door here.
There is a stone staircase leading up here.
There is a stone staircase leading down here.
You climb downwards.
The orc shouts!
You hear a shout!
Found 4 stones and a fizzy green potion.
Found a stone staircase leading up.
There is a stone staircase leading up here.
Unknown command.
Unknown command.
You have nothing you can fire or use right now.
Unknown command.
Press: ? - help, v - describe, . - travel A stone staircase leading up.
This square is lit by a halo.
You see here 4 stones.
m - 4 stones
There is a stone staircase leading up here.
Press: ? - help, v - describe, . - travel
Here: an orc, wielding a +0 war axe of electrocution and wearing a +0 leather armour (haloed)
The floor.
Unknown command.
You aren't carrying any items that you can evoke.
Press: ? - help, v - describe, . - travel
Here: an orc, wielding a +0 war axe of electrocution and wearing a +0 leather armour (haloed)
The floor.
Unknown command.
Unknown command.
Unknown command.
Throw: 4 stones
Press: ? - help, Q - select action Shift-Dir - straight line, f - orc
Aim: an orc, wielding a +0 war axe of electrocution and wearing a +0 leather armour (haloed, 75% to hit)
You throw a stone. The stone hits the orc.
The orc is moderately wounded.
Throw: 3 stones
Press: ? - help, Q - select action Shift-Dir - straight line, f/p - orc
Aim: an orc, wielding a +0 war axe of electrocution and wearing a +0 leather armour (moderately wounded, haloed, 75% to hit)
You throw a stone.
The stone hits the orc but does no damage.
The orc is moderately wounded.
Cleave: a) +0 hand axe
Press: ? - help, Dir - move target, f/p - orc
Aim: an orc, wielding a +0 war axe of electrocution and wearing a +0 leather armour (moderately wounded, haloed, about 21% to evade your +0 hand axe)
You hit the orc.
The orc is almost dead.
The orc misses you.
Cleave: a) +0 hand axe
Press: ? - help, Dir - move target, f/p - orc
Aim: an orc, wielding a +0 war axe of electrocution and wearing a +0 leather armour (almost dead, haloed, about 21% to evade your +0 hand axe)
You hit the orc.
You kill the orc!
Things that are here:
a +0 war axe of electrocution; a +0 leather armour; an orc corpse You hear the crackle of electricity.
n - a +0 war axe of electrocution (weapon)
o - a fizzy green potion You start removing your armour.
You continue taking off your +0 robe. x4
You finish taking off your +0 robe.
You start putting on your armour.
You continue putting on your +0 ring mail. x5
You finish putting on your +0 ring mail.
An endoplasm comes into view.
The endoplasm quivers.
Found 7 gold pieces.
Found a stone staircase leading down.
The endoplasm hits you but does no damage.
You hit the endoplasm.
The endoplasm is moderately wounded.
The endoplasm freezes you.
You are frozen.
The endoplasm freezes you.
You are frozen.
You slash the endoplasm!
You kill the endoplasm!
No target in view!
You open the large door.
Found 3 poisoned darts.
Found a short sword, 12 gold pieces and a smoky puce potion.
There is a large open door here.
You see here 3 poisoned darts.
p - 3 poisoned darts You now have 43 gold pieces (gained 12).
q - a smoky puce potion
Found a club.
HP restored.
HP restored.
You open the large door.
There is a large open door here.
An orc comes into view. It is wielding a +0 trident.
An orc is nearby!
The orc barely misses you. The orc hits you with a +0 trident.
You slash the orc!
You kill the orc!
An orc comes into view. It is wielding a +0 short sword.
The orc shouts!
An orc comes into view. It is wielding a +0 dagger.
You see here a +0 trident.
The orc shouts!
The orc closely misses you.
You completely miss the orc. You hit the orc.
Lightning courses through the orc!!
You kill the orc!
The orc hits you but does no damage. The orc misses you.
You hit the orc. Lightning courses through the orc!!
You kill the orc!
Your Armour skill increases to level 1!
You see here a +0 dagger.
HP restored.
Found a stone staircase leading down.
HP restored.
There is a stone staircase leading down here.
There is a stone staircase leading down here.
You climb downwards.
Found a wooden ring.
Found a stone staircase leading up.
There is a stone staircase leading up here.
r - a ring of see invisible
r - a ring of see invisible (left hand)
There is a stone staircase leading up here.
You climb upwards.
There is a stone staircase leading down here.
You climb downwards.
There is a stone staircase leading up here.
Found a staircase to the Ecumenical Temple.
There is a staircase to the Ecumenical Temple here.
You climb downwards.
Welcome to the Ecumenical Temple!
Found a sparkling altar of Nemelex Xobeh and a broken altar of Ashenzari.
Found a staircase back to the Dungeon.
There is a staircase back to the Dungeon here.
Search for what [? for help]? .
Found a glowing golden altar of the Shining One.
There is a glowing golden altar of the Shining One here.
You kneel at the altar of the Shining One.
The Shining One welcomes you!
You and your allies can now gain power from killing the unholy and evil.
You can now call upon the Shining One for a divine shield.
There is a staircase back to the Dungeon here.
You climb upwards.
Welcome back to the Dungeon!
There is a staircase to the Ecumenical Temple here.
Found a book of Air and a pair of gloves.
Found a sharpened bronze wand and a ring of see invisible.
You pick up a book of Air and begin reading...
You add the spells Shock, Swiftness and Airstrike to your library.
s - a wand of charming (11)
Found a leather armour.
An orc priest comes into view. It is wielding a +1 heavy hand axe.
Found a scroll labelled XIXZUN YSOIPT.
An orc priest is nearby!
An orc priest and 2 orcs come into view.
An orc is wielding a +1 whip of pain.
The orc priest shouts!
The orc shouts!
Cleave: n) +0 war axe (elec)
Press: ? - help, Dir - move target, f - orc priest
Aim: an orc priest, wielding a +1 heavy hand axe (haloed, about 24% to evade your +0 war axe of electrocution)
You barely miss the orc priest.
The orc priest calls down the wrath of Beogh upon you.
Pain shoots through your body!
The orc priest looks encouraged for a moment.
Unknown command.
Cleave: n) +0 war axe (elec)
Press: ? - help, Dir - move target, f/p - orc priest
Aim: an orc priest, wielding a +1 heavy hand axe (haloed, about 24% to evade your +0 war axe of electrocution)
Okay, then.
The orc attacks as it pursues you! The orc hits you with a +0 mace.
The orc priest attacks as it pursues you!
The orc priest misses you.
Unknown command.
The orc barely misses you.
The orc priest hits you but does no damage.
Cleave: n) +0 war axe (elec)
Press: ? - help, Dir - move target, f/p - orc priest
Aim: an orc priest, wielding a +1 heavy hand axe (haloed, about 24% to evade your +0 war axe of electrocution)
You slash the orc priest!
The orc priest is severely wounded.
You barely miss the orc.
The orc priest looks encouraged for a moment.
The orc barely misses you.
The orc priest mumbles some strange prayers to Beogh against you.
Beogh smites you!
* * * LOW HITPOINT WARNING * * *
Cleave: n) +0 war axe (elec)
Press: ? - help, Dir - move target, f/p - orc priest
Aim: an orc priest, wielding a +1 heavy hand axe (severely wounded, haloed, about 24% to evade your +0 war axe of electrocution)
You hit the orc priest.
Lightning courses through the orc priest!!
You kill the orc priest!
The Shining One accepts your kill.
You feel better.
You hit the orc. The orc hits you with a +0 mace.
* * * LOW HITPOINT WARNING * * *
You have reached level 4!
You feel stronger.
Cleave: n) +0 war axe (elec)
Press: ? - help, Dir - move target, f - orc
Aim: an orc, wielding a +0 mace (lightly wounded, haloed, about 24% to evade your +0 war axe of electrocution)
You hit the orc but do no damage. Lightning courses through the orc!
You kill the orc!
You hit the orc. The orc barely misses you.
Cleave: n) +0 war axe (elec)
Press: ? - help, Dir - move target, f - orc priest
Aim: an orc priest, wielding a +0 short sword and wearing a +0 chain mail (haloed, about 15% to evade your +0 war axe of electrocution)
You hit the orc priest but do no damage.
You hit the orc but do no damage. The orc barely misses you.
The orc priest hits you with a +0 short sword.
* * * LOW HITPOINT WARNING * * *
The orc hits you but does no damage.
Cleave: n) +0 war axe (elec)
Press: ? - help, Dir - move target, f/p - orc priest
Aim: an orc priest, wielding a +0 short sword and wearing a +0 chain mail (haloed, about 15% to evade your +0 war axe of electrocution)
You slash the orc priest!
The orc priest is heavily wounded.
You barely miss the orc.
The orc priest begins to cast a cantrip, but forgets the words!
The orc misses you.
Cleave: n) +0 war axe (elec)
Press: ? - help, Dir - move target, f/p - orc priest
Aim: an orc priest, wielding a +0 short sword and wearing a +0 chain mail (heavily wounded, haloed, about 15% to evade your +0 war axe of electrocution)
You barely miss the orc priest.
The orc priest is heavily wounded.
You hit the orc but do no damage. The orc priest misses you.
The orc misses you.
Cleave: n) +0 war axe (elec)
Press: ? - help, Dir - move target, f/p - orc priest
Aim: an orc priest, wielding a +0 short sword and wearing a +0 chain mail (heavily wounded, haloed, about 15% to evade your +0 war axe of electrocution)
You hit the orc priest.
The orc priest is severely wounded.
You hit the orc.
The orc priest calls upon Beogh to heal the orc.
The orc's wounds heal themselves!
The orc barely misses you.
The orc priest hits you but does no damage.
The orc hits you with a +1 whip of pain.
* * * LOW HITPOINT WARNING * * *
Cleave: n) +0 war axe (elec)
Press: ? - help, Dir - move target, f/p - orc priest
Aim: an orc priest, wielding a +0 short sword and wearing a +0 chain mail (severely wounded, haloed, about 15% to evade your +0 war axe of electrocution)
You hit the orc priest but do no damage.
The orc priest is severely wounded.
You hit the orc. Lightning courses through the orc!
You kill the orc!
The orc priest hits you but does no damage.
Cleave: n) +0 war axe (elec)
Press: ? - help, Dir - move target, f/p - orc priest
Aim: an orc priest, wielding a +0 short sword and wearing a +0 chain mail (severely wounded, haloed, about 15% to evade your +0 war axe of electrocution)
You hit the orc priest but do no damage.
The orc priest is severely wounded.
The orc priest mumbles some strange prayers to Beogh against you.
Beogh smites you!
You die...

#.....##...#...##..≈
## #..........# P#≈
#...#.....###.P
##..####.......
##.............
#......##......
###..####..[...
#..####....?..
#..##@o.#.....
#....)).......
#.....#......#
#..#.###.....#
##.### #..... ###
#...# ..#. .# .


You could see an orc priest.

Vanquished Creatures
  An orc priest (D:4)
  2 adders (D:2)
  2 dart slugs (D:2)
  6 orcs
  2 ball pythons (D:1)
  5 endoplasms
  3 goblins
  A hobgoblin (D:1)
  A quokka (D:1)
  3 bats
  A kobold (D:1)
  5 rats
32 creatures vanquished.

Vanquished Creatures (others)
  A bat (D:2)
1 creature vanquished.

Grand Total: 33 creatures vanquished

Notes
Turn   | Place    | Note
-------+----------+-------------------------------------------
     0 | D:1      | jagoly the Gargoyle Monk began the quest for the Orb.
     0 | D:1      | Reached XP level 1. HP: 14/14 MP: 1/1
    70 | D:1      | Reached XP level 2. HP: 18/19 MP: 2/2
   183 | D:2      | Reached XP level 3. HP: 22/23 MP: 3/3
   414 | D:3      | Reached skill level 1 in Armour
   462 | D:4      | Found a staircase to the Ecumenical Temple.
   471 | Temple   | Entered the Ecumenical Temple
   484 | Temple   | Became a worshipper of the Shining One
   484 | Temple   | Reached * piety under the Shining One
   484 | Temple   | Reached ** piety under the Shining One
   564 | D:4      | Reached XP level 4. HP: 11/29 MP: 4/4
   570 | D:4      | Killed from afar by an orc priest

Illustrated notes

Levels and vault maps discovered:
D:1:      psy_arrival_heroes, layout_loops_ring
D:2:      layout_basic, minmay_misc_feat_enclosed
D:3:      layout_rooms, mainiacjoe_overflow_chevrons, serial_corexii_hall,
          corexii_hall_statues_i, corexii_hall_statues_x,
          chequers_serial_rivers_large_a, kennysheep_cross_room
D:4:      layout_cave_pools, nicolae_elyvilon_temple_path, lemuel_crystal_altar,
          lemuel_temple_firewalk_b, uniq_menkaure, uniq_blork_the_orc
Temple:   dpeg_chambers_temple

Skill      XL: |  1  2  3 |
---------------+----------+-----
Axes           | 3 |  3.7
Armour         | 1 |  1.2
Fighting       | |  3.8
Dodging        | |  2.9

Action                     |  1- 3 |  4- 6 || total
---------------------------+-------+-------++-------
  Melee: Hand axe          |    54 |       ||    54
         War axe           |     8 |     7 ||    15
  Throw: Stone             |     2 |       ||     2
 Armour: Robe              |    43 |       ||    43
         Ring mail         |     6 |     5 ||    11
  Dodge: Dodged            |    40 |     6 ||    46
